 Dungeon Crawl Stone Soup version 0.28-a0-1389-gc726bef33b (webtiles) character file.

Game seed: 12762648867693228062

6801 Deminshera the Carver (level 10, -1/66 HPs)
             Began as a Demonspawn Monk on Jan 3, 2022.
             Was a Believer of Hepliaklqana.
             Slain by a gargoyle (16 damage)
             ... on level 10 of the Dungeon.
             The game lasted 00:12:40 (9490 turns).

Deminshera the Carver (Demonspawn Monk)             Turns: 9490, Time: 00:12:41

Health: -1/66      AC: 14    Str: 19    XL:     10   Next: 76%
Magic:  10/10      EV: 14    Int: 13    God:    Hepliaklqana [**....]
Gold:   396        SH:  0    Dex: 22    Spells: 9/9 levels left

rFire   . . .      SeeInvis +   h - +0 triple sword (vorpal)
rCold   . . .      Faith    .   (shield currently unavailable)
rNeg    . . .      Spirit   .   f - +1 ring mail
rPois   +          Reflect  .   (no helmet)
rElec   .          Harm     .   (no cloak)
rCorr   .          Rampage  .   p - +0 pair of gloves
Will    .....                   r - +2 pair of boots
Stlth   ++........              d - amulet of regeneration
HPRegen 1.01/turn               e - +4 ring of protection
MPRegen 0.12/turn               s - ring "Bepog" {Drain rPois Str+4 Dex+7 SInv}

@: no status effects
A: reduced essence, claws 2, repulsion field 1, ignite blood 2
a: Renounce Religion, Recall Ancestor, Ancestor Identity


You were on level 10 of the Dungeon.
You worshipped Hepliaklqana.
Hepliaklqana was pleased with you.
You visited 2 branches of the dungeon, and saw 11 of its levels.
You also visited: Sewer.

You collected 396 gold pieces.

Inventory:

Hand Weapons
 c - a +2 dagger of venom
 h - a +0 vorpal triple sword (weapon)
Missiles
 w - 2 throwing nets (quivered)
Armour
 f - a +1 ring mail (worn)
 p - a +0 pair of gloves (worn)
 r - a +2 pair of boots (worn)
Jewellery
 b - a ring of willpower
 d - an amulet of regeneration (around neck)
 e - a +4 ring of protection (left hand)
 s - the ring "Bepog" (right hand) {Drain rPois Str+4 Dex+7 SInv}
   (You found it on level 7 of the Dungeon)

   [ring of see invisible]

   Str:       It affects your strength (+4).
   Dex:       It affects your dexterity (+7).
   rPois:     It protects you from poison.
   SInv:      It lets you see invisible.
   Drain:     It drains your maximum health when unequipped.
 x - an amulet of the acrobat
Wands
 u - a wand of flame (10)
 B - a wand of charming (1)
 D - a wand of paralysis (9)
Scrolls
 i - 3 scrolls of summoning
 j - 10 scrolls of teleportation
 l - a scroll of fog
 q - a scroll of brand weapon
 t - a scroll of blinking
 y - a scroll of fear
 A - a scroll of magic mapping
 C - 2 scrolls of amnesia
Potions
 a - 2 potions of mutation {unknown}
 g - a potion of cancellation
 k - 6 potions of might
 m - 2 potions of curing
 n - a potion of berserk rage {unknown}
 o - a potion of resistance
 v - 2 potions of magic
 z - a potion of lignification
 E - a potion of attraction
 F - a potion of haste


   Skills:
 - Level 5.0 Fighting
 - Level 3.0(9.8) Short Blades
 + Level 14.3(14.5) Long Blades
 - Level 3.0 Dodging
 - Level 2.0 Stealth


You had 9 spell levels left.
You didn't know any spells.
Your spell library contained the following spells:

 Spells                   Type           Power      Damage    Failure   Level
 Scorch                   Fire           0%         2d5       63%         2
 Flame Wave               Conj/Fire      0%         2d4       99%         4
 Summon Cactus Giant      Summ           0%         N/A       100%        6


Dungeon Overview and Level Annotations

Branches:
Dungeon (10/15)            Temple (1/1) D:5            Lair (0/6) D:9
    Orc (0/2) D:9           Sewer (visited)

Altars:
Ashenzari
Cheibriados
Dithmenos
Elyvilon
Fedhas
Gozag
Hepliaklqana
Kikubaaqudgha
Makhleb
Nemelex Xobeh
Okawaru
Qazlal
Ru
Sif Muna
Trog
Uskayaw
Vehumet
Wu Jian
Xom
Yredelemnul
Zin
The Shining One

Shops:
D:7 (   D:10 *


Innate Abilities, Weirdness & Mutations

Your life essence is reduced to manifest your ancestor. (-10% HP)
You have very sharp fingernails.
You are surrounded by a mild repulsion field. (EV +2)
Your demonic aura often causes spilled blood to erupt in flames.


Message History

The gargoyle is lightly damaged.
Paullus hits the gargoyle but does no damage.
The gargoyle hits you with a +0 flail.
You barely miss the gargoyle.
The gargoyle is lightly damaged.
Paullus hits the gargoyle but does no damage.
The gargoyle hurls a stone arrow at you.
The stone arrow misses you. The hornet misses you.
You closely miss the gargoyle.
The gargoyle is lightly damaged.
Paullus gestures at the gargoyle while chanting.
The stone arrow hits the gargoyle but does no damage.
The hornet stings you.
The gargoyle hits Paullus with a +0 flail!
Paullus barely misses the gargoyle.
You hit the gargoyle.
The gargoyle is moderately damaged.
The hornet stings you but does no damage.
The gargoyle barely misses you. The hornet closely misses you.
Paullus hits the gargoyle with a +0 quarterstaff!
You hit the gargoyle but do no damage.
The gargoyle is severely damaged.
The hornet stings you.
You feel yourself slow down.
The gargoyle hurls a stone arrow at you.
The stone arrow misses you.
Paullus hits the gargoyle but does no damage.
You are too injured to fight recklessly!
You are too injured to fight recklessly!
You are too injured to fight recklessly!
You hit the gargoyle but do no damage.
The gargoyle is severely damaged.
You feel yourself speed up.
The hornet stings you but does no damage.
The hornet misses you.
The gargoyle hurls a stone arrow at you.
The stone arrow hits you!!
* * * LOW HITPOINT WARNING * * *
Paullus hits the gargoyle but does no damage.
The gargoyle hits you with a +0 flail!
You die...

#.....# #.....#
+.....# #.....#...#
#.....#..<#####
+.....#........
#.....#.......
####y....#..>..
#..R@##'##...########
+..9.+..##...#.......
#....#.......#.......
#....#####...#.......
#........##'##.......
#....................
#....................
#....................
.#+##.....##'####


You could see the friendly Paullus the battlemage, a hornet and a gargoyle (ally
target).

Vanquished Creatures
  Harold (D:8)
  A two-headed ogre (D:7)
  The ghost of PigKeeper the Slinger, a novice TeWn of Hepliaklqana (D:8)
  A hornet (D:9)
  Prince Ribbit (D:7)
  A shadow (D:9)
  5 yaks (D:9)
  Menkaure (D:6)
  A steam dragon (D:8)
  Duvessa (D:6)
  2 water moccasins
  2 orc warriors
  A sky beast (D:7)
  2 ice beasts (D:6)
  A hornet zombie (D:6)
  3 black bears
  A centaur (D:7)
  2 ogres
  Blork the orc (D:6)
  6 kobold brigands
  2 gnoll sergeants
  4 bullfrogs
  3 wyvern zombies
  A water moccasin zombie (D:5)
  Dowan (D:6)
  A water moccasin skeleton (D:4)
  4 killer bees (D:9)
  2 howler monkeys
  An orc priest (D:9)
  2 bullfrog skeletons
  A jelly (D:7)
  2 gnoll shamans
  2 hounds
  5 orc wizards
  An iguana (D:5)
  6 gnolls
  8 adders
  5 river rats
  A shadow imp (D:5)
  A white imp (D:7)
  An ufetubus (D:6)
  An adder skeleton (D:2)
  A worm (D:3)
  29 orcs
  8 bats
  6 endoplasms
  2 giant cockroaches (D:1)
  7 goblins
  6 hobgoblins
  6 jackals
  6 quokkas
  16 ball pythons
  7 frilled lizards
  20 kobolds
  10 rats
214 creatures vanquished.

Vanquished Creatures (collateral kills)
  A hornet (D:10)
  A centaur (D:9)
2 creatures vanquished.

Vanquished Creatures (others)
  9 plants (Sewer)
9 creatures vanquished.

Grand Total: 225 creatures vanquished

Notes
Turn   | Place    | Note
-------+----------+-------------------------------------------
     0 | D:1      | Deminshera the Demonspawn Monk began the quest for the Orb.
     0 | D:1      | Reached XP level 1. HP: 18/18 MP: 1/1
   272 | D:1      | Gained mutation: Your demonic aura sometimes causes spilled
                  | blood to erupt in flames. [demonic ancestry]
   272 | D:1      | Reached XP level 2. HP: 24/24 MP: 2/2
   678 | D:1      | Reached XP level 3. HP: 29/29 MP: 3/3
  1147 | D:2      | Reached skill level 1 in Long Blades
  1250 | D:2      | Reached XP level 4. HP: 37/37 MP: 4/4
  1426 | D:2      | Found a faded altar of an unknown god.
  1845 | D:3      | Reached skill level 2 in Long Blades
  1865 | D:3      | Found a glowing drain.
  1876 | Sewer    | Entered a sewer
  1986 | Sewer    | Noticed a kobold brigand
  1995 | Sewer    | Killed a kobold brigand
  1996 | Sewer    | Reached skill level 3 in Long Blades
  1996 | Sewer    | Reached XP level 5. HP: 42/42 MP: 5/5
  2125 | Sewer    | Reached skill level 4 in Long Blades
  2125 | Sewer    | Gained mutation: You are surrounded by a mild repulsion
                  | field. (EV +2) [demonic ancestry]
  2125 | Sewer    | Reached XP level 6. HP: 40/48 MP: 6/6
  2407 | Sewer    | Reached skill level 5 in Long Blades
  3772 | D:4      | Found a sparkling altar of Nemelex Xobeh.
  3812 | D:4      | Reached skill level 6 in Long Blades
  3812 | D:4      | Gained mutation: You have sharp fingernails. [demonic
                  | ancestry]
  3812 | D:4      | Reached XP level 7. HP: 53/53 MP: 7/7
  4103 | D:4      | Identified the +7 hand axe "Gaomel" {freeze, Int+2}
  4612 | D:5      | Entered Level 5 of the Dungeon
  4724 | D:5      | Reached skill level 7 in Long Blades
  4768 | D:5      | Gained mutation: You have very sharp fingernails. [demonic
                  | ancestry]
  4768 | D:5      | Reached XP level 8. HP: 54/60 MP: 8/8
  4777 | D:5      | Reached skill level 8 in Long Blades
  4884 | D:5      | Found a staircase to the Ecumenical Temple.
  4894 | D:5      | Found a bloodstained altar of Trog.
  5575 | D:5      | Found a hide-covered altar of Uskayaw.
  6095 | Temple   | Entered the Ecumenical Temple
  6359 | D:6      | Reached skill level 9 in Long Blades
  6370 | D:6      | Noticed Dowan
  6371 | D:6      | Noticed Blork the orc
  6373 | D:6      | Noticed Duvessa
  6385 | D:6      | Killed Duvessa
  6394 | D:6      | Killed Blork the orc
  6403 | D:6      | Killed Dowan
  6492 | D:6      | Found a burning altar of Makhleb.
  6492 | D:6      | Noticed Menkaure
  6685 | D:6      | Reached skill level 10 in Long Blades
  6726 | D:6      | Gained mutation: Your demonic aura often causes spilled
                  | blood to erupt in flames. [demonic ancestry]
  6726 | D:6      | Reached XP level 9. HP: 67/67 MP: 9/9
  6762 | D:6      | Killed Menkaure
  6763 | D:6      | Reached skill level 5 in Fighting
  7224 | D:7      | Found Wuwou's Antique Weapon Shop.
  7435 | D:7      | Reached skill level 11 in Long Blades
  7450 | D:7      | Noticed Prince Ribbit
  7462 | D:7      | Killed Prince Ribbit
  7550 | D:7      | Identified the ring "Bepog" {Drain rPois Str+4 Dex+7 SInv}
  7892 | D:8      | Noticed a two-headed ogre
  7911 | D:7      | Killed a two-headed ogre
  7912 | D:7      | Reached skill level 12 in Long Blades
  8066 | D:8      | Noticed Harold
  8098 | D:8      | Killed Harold
  8099 | D:8      | Reached XP level 10. HP: 5/74 MP: 10/10
  8423 | D:8      | Found a runed translucent door.
  8543 | D:8      | Noticed PigKeeper's ghost (novice TeWn)
  8625 | D:8      | Killed PigKeeper's ghost
  8626 | D:8      | Reached skill level 13 in Long Blades
  8745 | D:9      | Found a staircase to the Orcish Mines.
  8751 | D:9      | Found an ancient bone altar of Kikubaaqudgha.
  8753 | D:9      | Found a basalt altar of Yredelemnul.
  8875 | D:9      | Reached skill level 14 in Long Blades
  8883 | D:9      | Found a broken altar of Ashenzari.
  8885 | D:9      | Found an opulent altar of Gozag.
  8885 | D:9      | Found a hazy altar of Hepliaklqana.
  8886 | D:9      | Found a shimmering blue altar of Sif Muna.
  8886 | D:9      | Found a shadowy altar of Dithmenos.
  9022 | D:9      | Became a worshipper of Hepliaklqana the Forgotten
  9022 | D:9      | Reached * piety under Hepliaklqana
  9022 | D:9      | Reached ** piety under Hepliaklqana
  9023 | D:9      | Remembered your ancestor Paullus as a battlemage
  9254 | D:9      | Found a staircase to the Lair.
  9428 | D:10     | Entered Level 10 of the Dungeon
  9440 | D:10     | Found Tiekhlyj's Assorted Antiques.
  9481 | D:10     | Noticed a gargoyle
  9490 | D:10     | Slain by a gargoyle

Illustrated notes

Levels and vault maps discovered:
D:1:      lightli_arrival_lavapool, layout_loops_corners
D:2:      layout_loops_ring, shapermc_ecumenical_altar_mp_highgroup,
          minmay_misc_feat_four_crosses, minmay_vboxes
D:3:      minmay_diamond_boxcup, layout_loops_ring, portal_sewer_entry_e
D:4:      layout_basic, mainiacjoe_overflow_cross_hatched, minmay_quadrilaterals
D:5:      layout_layer_cave, eat_drink_and_be_merry_uskayaw, kennysheep_mini,
          minmay_temple_entry_trees
D:6:      layout_rooms, zin_treasury, lemuel_tele_altar, uniq_blork_the_orc,
          uniq_menkaure, uniq_duvessa
D:7:      layout_cave_pools, mainiacjoe_overflow_surrounded_room,
          serial_column_ruins, column_ruins_grid_3, column_ruins_grid_2,
          column_ruins_grid_3, column_ruins_open_tiny,
          column_ruins_corridor_dead_end, column_ruins_columns_corner,
          serial_shops, shop, minmay_circle_x, uniq_prince_ribbit1
D:8:      layout_rooms, ebering_ghost_reflecting_pool,
          minmay_misc_feat_enclosed, uniq_harold
D:9:      layout_loops_ring, grunt_temple_overflow_open, lair_entry_dummy
D:10:     layout_gridville, ebering_ghost_inner_flame, serial_shops,
          nicolae_shop_overgrown_old_shop
Temple:   jpeg_temple_island

Skill      XL: |  1  2  3  4  5  6  7  8  9 10 |
---------------+-------------------------------+-----
Stealth        | 2 |  2.0
Dodging        | 3 |  3.0
Short Blades   | 3 |  3.0
Long Blades    | 1 3 4 6 7 10 12 14 | 14.3
Fighting       | 4 5 |  5.0

Action                   |  1- 3 |  4- 6 |  7- 9 | 10-12 || total
-------------------------+-------+-------+-------+-------++-------
Melee: Short sword       |    77 |       |       |       ||    77
       Triple sword      |    53 |   167 |   235 |   101 ||   556
       Dagger            |       |    31 |       |       ||    31
Invok: Ancestor Life: Ba |       |       |       |     1 ||     1
Evoke: Wand              |       |       |     1 |       ||     1
  Use: Scroll            |       |     6 |    10 |     3 ||    19
       Potion            |       |       |     1 |     4 ||     5
 Stab: Sleeping          |     4 |     2 |       |     1 ||     7
Armor: Robe              |     5 |       |       |       ||     5
       Ring mail         |    62 |   103 |   150 |    33 ||   348
Dodge: Dodged            |   109 |   178 |   190 |    64 ||   541

Table legend: (Time is in decaauts)
 A = Elapsed time spent in this place.
 B = Non-inter-level travel time spent in this place.
 C = Inter-level travel time spent in this place.
 D = Time resting spent in this place.
 E = Time spent auto-exploring this place.
 F = Levels seen in this place.
 G = Mean time per level.
                   A        B        C        D        E       F      G
               +--------+--------+--------+--------+--------+-----+--------+
         Total |   9874 |   9390 |    484 |   1598 |   5922 |  12 |  822.8 |
       Dungeon |   8477 |   7997 |    480 |   1280 |   5125 |  10 |  847.7 |
        Temple |    271 |    267 |      4 |      0 |    258 |   1 |  271.0 |
         Sewer |   1124 |   1124 |      0 |    318 |    539 |   1 | 1124.0 |
               +--------+--------+--------+--------+--------+-----+--------+

Top non-repeatable levels by time:
     D:5: 1524 daAuts
     D:3: 1178 daAuts
   Sewer: 1124 daAuts
     D:7: 941 daAuts
     D:1: 930 daAuts
     D:4: 859 daAuts
     D:6: 844 daAuts
     D:2: 788 daAuts
     D:9: 769 daAuts
     D:8: 579 daAuts
  Temple: 271 daAuts
    D:10: 62 daAuts
